 Dungeon Crawl Stone Soup version 0.31.0-9-g3a7656b989 (webtiles) character file.

Game seed: 13217460903502391780

580 Bnni the Digger (level 7, -7/52 HPs)
             Began as a Formicid Earth Elementalist on Jan 24, 2024.
             Killed by nerve-wracking pain
             ... invoked by an orc priest
              (12 damage)
             ... on level 3 of the Dungeon.
             The game lasted 00:04:43 (2479 turns).

Bnni the Digger (Formicid Earth Elementalist)       Turns: 2479, Time: 00:04:43

Health: -7/52      AC:  2    Str: 18    XL:     7   Next: 63%
Magic:  6/12       EV: 12    Int: 17    God:
Gold:   108        SH:  0    Dex: 14    Spells: 6/13 levels left

rFire   . . .        m - +4 sling
rCold   . . .        (no shield)
rNeg    . . .        a - +0 robe
rPois   .            (helmet unavailable)
rElec   .            (no cloak)
rCorr   .            (no gloves)
SInv    +            (no boots)
Will    +....        (no amulet)
Stlth   ++           i - +6 ring of strength
HPRegen 0.28/turn    l - ring of willpower
MPRegen 0.13/turn

%: no passive effects
@: no status effects
A: permanent stasis, dig shafts and tunnels, antennae 3, four strong arms
a: Dig, Shaft Self


You were on level 3 of the Dungeon.
You visited 1 branch of the dungeon, and saw 3 of its levels.

You collected 108 gold pieces.

Inventory:

Hand Weapons
 m - a +4 sling (weapon)
Missiles
 o - a throwing net
Armour
 a - a +0 robe (worn)
Jewellery
 i - a +6 ring of strength (left hand)
 l - a ring of willpower (right hand)
Scrolls
 c - a scroll of noise {unknown}
 d - 2 scrolls of acquirement {unknown}
 f - 5 scrolls of identify {unknown}
 h - 5 scrolls of teleportation {unknown}
 k - a scroll of blinking {unknown}
Potions
 b - a potion of magic
 e - 2 potions of brilliance {unknown}
 g - 3 potions of heal wounds {unknown}
 j - a potion of degeneration {unknown}
 n - a potion of cancellation {unknown}
 p - a potion of resistance {unknown}
 q - a potion of enlightenment {unknown}


   Skills:
 + Level 3.4 Fighting
 - Level 1.7 Dodging
 - Level 2.4 Stealth
 + Level 3.9 Spellcasting
 - Level 3.0 Conjurations
 * Level 7.0 Earth Magic


You had 6 spell levels left.
You knew the following spells:

 Your Spells              Type           Power      Damage    Failure   Level
a - Sandblast             Erth           54%        2d13      1%          1
b - Passwall              Erth           27%        N/A       2%          3
c - Stone Arrow           Conj/Erth      40%        3d9       6%          3

Your spell library contained the following spells:

 Spells                   Type           Power      Damage    Failure   Level
 Shock                    Conj/Air       32%        1d5       9%          1
 Brom's Barrelling Bould  Conj/Erth      20%        2d4       21%         4
 Petrify                  Alch/Erth      15%        N/A       36%         4
 Airstrike                Air            1%         2d(1-17)  85%         4
 Swiftness                Air            Unusable   N/A       N/A         3

Dungeon Overview and Level Annotations

Branches:
Dungeon (3/15)

Altars:


Innate Abilities, Weirdness & Mutations

You cannot be hasted, slowed, berserked, paralysed or teleported.
You can dig through walls and to a lower floor.
You have a pair of large antennae on your head. (SInv)
Your four strong arms can wield two-handed weapons with a shield.


Message History

The gnoll misses you.
The orc priest splashes around in the water.
Unknown command.
Aiming: Sandblast (safe; 1% risk of failure)
Press: ? - help, Q - select action, (/) - cycle Shift-Dir - straight line, f/p - orc priest
Aim: an orc priest, wielding a +0 flail and wearing a +0 chain mail (lightly wounded, 87% to hit)
The blast of sand hits the orc priest but does no damage.
The orc priest is lightly wounded.
The gnoll barely misses you.
The orc priest splashes around in the water.
The gnoll closely misses you.
Unknown command.
Aiming: Sandblast (safe; 1% risk of failure)
Press: ? - help, Q - select action, (/) - cycle Shift-Dir - straight line, f/p - orc priest
Aim: an orc priest, wielding a +0 flail and wearing a +0 chain mail (87% to hit)
The blast of sand hits the orc priest.
The orc priest is lightly wounded.
The orc priest hits you with a +0 flail.
The gnoll hits you with a +0 flail!
The orc priest miscasts a cantrip.
Aiming: Sandblast (safe; 1% risk of failure)
Press: ? - help, Q - select action, (/) - cycle Shift-Dir - straight line, f/p - orc priest
Aim: an orc priest, wielding a +0 flail and wearing a +0 chain mail (lightly wounded, 87% to hit)
The blast of sand hits the orc priest.
The orc priest is moderately wounded.
The gnoll hits you with a +0 flail!
The orc priest miscasts a cantrip.
The gnoll closely misses you.
Aiming: Sandblast (safe; 1% risk of failure)
Press: ? - help, Q - select action, (/) - cycle Shift-Dir - straight line, f/p - orc priest
Aim: an orc priest, wielding a +0 flail and wearing a +0 chain mail (moderately wounded, 87% to hit)
The blast of sand hits the orc priest.
The orc priest is heavily wounded.
The orc priest hits you with a +0 flail.
* * * LOW HITPOINT WARNING * * *
The gnoll hits you with a +0 flail!
* * * LOW HITPOINT WARNING * * *
The orc priest mumbles some strange prayers to Beogh against you.
Pain shoots through your body!
You die...

#.≈≈ #.~~ {{ { #.~≈ ##
#.≈≈ .'. { #.~≈ #..
.g#.≈≈ #..., { #{###≈
##'''$#############{g.#≈
......g@).).....).#{gg#≈
~~....o≈~≈~)~~~~)≈#####~
≈≈....≈≈≈~≈≈~≈≈≈≈≈≈≈≈≈≈≈
~~....~~~~~~~))~~~~~~~)≈
.......)).÷)))).........
...>....)###############
# ##..#....# # #....#...
#


You could see an orc priest and a gnoll.

Vanquished Creatures
  An ogre (D:3)
  A howler monkey (D:3)
  3 hounds (D:3)
  An orc priest (D:3)
  A gnoll bouda (D:3)
  Terence (D:3)
  Jessica (D:3)
  An orc wizard (D:3)
  Robin (D:3)
  4 adders
  7 gnolls (D:3)
  A ribbon worm (D:3)
  8 orcs (D:3)
  6 ball pythons
  3 bats
  11 endoplasms
  3 giant cockroaches
  11 goblins
  14 hobgoblins
  10 jackals (D:3)
  3 quokkas
  4 frilled lizards
  2 kobolds
  A rat (D:2)
99 creatures vanquished.

Notes
Turn   | Place    | Note
-------+----------+-------------------------------------------
     0 | D:1      | Bnni the Formicid Earth Elementalist began the quest for
                  | the Orb.
     0 | D:1      | Reached XP level 1. HP: 13/13 MP: 3/3
    47 | D:1      | Reached skill level 1 in Conjurations
   108 | D:1      | Reached XP level 2. HP: 20/20 MP: 0/5
   318 | D:1      | Reached skill level 4 in Earth Magic
   466 | D:1      | Found a faded altar of an unknown god.
   470 | D:1      | Reached XP level 3. HP: 21/25 MP: 4/6
   476 | D:1      | Reached skill level 1 in Fighting
  1155 | D:2      | Reached XP level 4. HP: 27/32 MP: 7/7
  1480 | D:2      | Learned a level 3 spell: Passwall
  1484 | D:2      | Learned a level 3 spell: Stone Arrow
  1637 | D:3      | Reached XP level 5. HP: 30/37 MP: 5/9
  1741 | D:3      | Reached skill level 5 in Earth Magic
  2059 | D:3      | Reached XP level 6. HP: 33/44 MP: 7/10
  2282 | D:3      | Noticed Robin
  2284 | D:3      | Reached skill level 6 in Earth Magic
  2289 | D:3      | Killed Robin
  2289 | D:3      | Noticed Terence
  2319 | D:3      | Noticed an ogre
  2321 | D:3      | Killed Terence
  2322 | D:3      | Reached XP level 7. HP: 47/51 MP: 10/12
  2454 | D:3      | Noticed Jessica
  2457 | D:3      | Killed Jessica
  2475 | D:3      | Reached skill level 7 in Earth Magic
  2479 | D:3      | Killed from afar by an orc priest

Illustrated notes

Levels and vault maps discovered:
D:1:      amcnicky_arrival_abandoned_market, layout_rooms,
          nicolae_ecumenical_snake_handling, chequers_decorated_corner,
          minmay_misc_feat_roman
D:2:      layout_basic, grunt_ministairs_8
D:3:      lemuel_castle_with_subvaults [lemuel_castle_interior_carwin_3],
          layout_basic, serial_shops, nicolae_shop_getting_attention,
          uniq_robin, uniq_jessica, uniq_terence

Skill      XL: |  1  2  3  4  5  6  7 |
---------------+----------------------+-----
Conjurations   | 1 2 3 |  3.0
Earth Magic    | 4 5 6 7 |  7.0
Fighting       | 1 2 3 |  3.4
Spellcasting   | 3 |  3.9
Dodging        | |  1.7
Stealth        | |  2.4

Action                     |  1- 3 |  4- 6 |  7- 9 || total
---------------------------+-------+-------+-------++-------
  Melee: Unarmed           |    10 |       |       ||    10
         Short sword       |    10 |       |       ||    10
   Fire: Sling             |    22 |    97 |    43 ||   162
   Cast: Sandblast         |    33 |    31 |    10 ||    74
 Armour: Robe              |    23 |    35 |    13 ||    71
  Dodge: Dodged            |    24 |    39 |    10 ||    73
